 Dungeon Crawl Stone Soup version 0.27-a0-1185-ga233589e6f (webtiles) character file.

Game seed: 17709232804588073710

193 DasRunzen the Poker (level 5, -5/39 HPs)
             Began as a Demigod Gladiator on May 19, 2021.
             Slain by a gnoll
             ... wielding a +0 club
              (6 damage)
             ... on level 3 of the Dungeon.
             The game lasted 00:03:29 (3873 turns).

DasRunzen the Poker (Demigod Gladiator)             Turns: 3873, Time: 00:03:29

Health: -5/39      AC:  7    Str: 15    XL:     5   Next: 20%
Magic:  10/10      EV: 13    Int: 14    God:
Gold:   179        SH:  0    Dex: 17    Spells: 7/7 levels left

rFire    . . .     SeeInvis .   a - +0 trident
rCold    . . .     Faith    .   (no shield)
rNeg     . . .     Spirit   .   b - +0 leather armour
rPois    +         Reflect  .   c - +2 helmet
rElec    .         Harm     .   (no cloak)
rCorr    .         Rampage  .   k - +0 pair of gloves
Will     .....                  (no boots)
Stlth    +.........             (no amulet)
HPRegen  0.13/turn              o - ring of poison resistance
MPRegen  0.12/turn              (no ring)

@: no status effects
A: high mp 1, forlorn, agile 1, frail 1, screaming 1
a: no special abilities


You were on level 3 of the Dungeon.
You visited 1 branch of the dungeon, and saw 4 of its levels.

You collected 179 gold pieces.

Inventory:

Hand Weapons
 a - a +0 trident (weapon)
Missiles
 d - 3 throwing nets (quivered)
Armour
 b - a +0 leather armour (worn)
 c - a +2 helmet (worn)
 k - a +0 pair of gloves (worn)
Magical Staves
 j - a staff of air
Jewellery
 o - a ring of poison resistance (left hand)
 p - a +4 ring of evasion
Potions
 e - a potion of heal wounds {unknown}
 f - a potion of mutation
 g - a potion of haste {unknown}
 h - 2 potions of resistance {unknown}
 i - 2 potions of curing {unknown}
 l - a potion of magic {unknown}


   Skills:
 + Level 2.8 Fighting
 + Level 3.4 Polearms
 - Level 1.7 Throwing
 + Level 1.9 Armour
 + Level 3.4 Dodging
 + Level 1.7 Spellcasting


You had 7 spell levels left.
You didn't know any spells.
Your spell library was empty.

Dungeon Overview and Level Annotations

Branches:
Dungeon (4/15)
 Temple: D:4-7


Innate Abilities, Weirdness & Mutations

Your attributes grow dramatically as you level up.
You have an increased reservoir of magic. (+10% MP)
You shall have no god before yourself.
You are agile. (Dex +2)
You are frail. (-10% HP)
You occasionally shout uncontrollably at your foes.


Message History

The gnoll shaman is moderately wounded.
The gnoll closely misses you.
The gnoll shaman hits you but does no damage.
The gnoll hits you from afar with a +0 spear.
You closely miss the gnoll shaman.
The gnoll shaman is moderately wounded.
The gnoll shaman hits you with a +0 club.
The gnoll hits you from afar with a +0 spear.
You see here a +0 robe.
The gnoll shaman calls upon its god to speed up the gnoll.
The gnoll seems to speed up.
The gnoll shaman invokes the aid of its god against you.
You resist with some effort.
There is an open door here.
The gnoll shaman calls upon its god to speed up the gnoll.
The gnoll seems to speed up.
The gnoll shaman calls upon its god to speed up something.
The gnoll closely misses you. The gnoll closely misses you.
Things that are here:
a +0 dagger; a goblin corpse
There is a stone staircase leading up here.
The gnoll hits you with a +0 club. The gnoll closely misses you.
You climb upwards.
There is a stone staircase leading down here.
The gnoll barely misses you. The gnoll hits you with a +0 club.
* * * LOW HITPOINT WARNING * * *
The gnoll hits you with a +0 club.
* * * LOW HITPOINT WARNING * * *
The gnoll hits you with a +0 club.
* * * LOW HITPOINT WARNING * * *
The gnoll hits you with a +0 club.
* * * LOW HITPOINT WARNING * * *
The gnoll hits you with a +0 club.
* * * LOW HITPOINT WARNING * * *
The gnoll closely misses you.
It was a potion of mutation.
You feel extremely strange.
You feel the urge to shout.
You feel frail.
You feel agile. The gnoll hits you with a +0 club.
You die...

#.#..## #.# #..# #.#...##
#.####..# #......## #.......#
#.......##### #.#####.#
#...##..##..# #.# #.#
#...#8..8##.# #.# #.#
#..(...>..#.## ##.# #.####
#............######..# #.....
###...#8..8#..gg@......##########
..#...##..##...###.##..#.........
#.#...##.####.## #.##..#†########
......##.####.####.##..#.#
.#...###...............#>#
###..######.######.###.#.#
............# #.###.#.########
....#.############.##..#.........
.................(.......#####.##


You could see 2 gnolls.

Vanquished Creatures
  A scorpion (D:4)
  4 gnolls
  2 adders (D:2)
  A shadow imp (D:3)
  2 worms
  4 dart slugs
  4 ball pythons
  8 bats
  6 endoplasms
  A giant cockroach (D:3)
  5 goblins
  6 hobgoblins
  4 jackals (D:3)
  4 kobolds
  3 quokkas (D:1)
  A frilled lizard (D:3)
  A rat (D:1)
57 creatures vanquished.

Notes
Turn   | Place    | Note
-------+----------+-------------------------------------------
     0 | D:1      | DasRunzen the Demigod Gladiator began the quest for the
                  | Orb.
     0 | D:1      | Reached XP level 1. HP: 17/17 MP: 3/3
   420 | D:1      | Reached XP level 2. HP: 24/24 MP: 4/4
  1190 | D:2      | Reached skill level 1 in Armour
  1195 | D:2      | Reached XP level 3. HP: 24/29 MP: 6/6
  1317 | D:2      | Reached skill level 1 in Spellcasting
  2612 | D:3      | Reached XP level 4. HP: 34/37 MP: 8/8
  3717 | D:4      | Reached XP level 5. HP: 41/42 MP: 8/10
  3833 | D:4      | Noticed an ogre
  3870 | D:3      | HP: 1/44 [gnoll/+0 club (6)]
  3873 | D:3      | Gained mutation: You occasionally shout uncontrollably at
                  | your foes. [potion of mutation]
  3873 | D:3      | Gained mutation: You are frail. (-10% HP) [potion of
                  | mutation]
  3873 | D:3      | Gained mutation: You are agile. (Dex +2) [potion of
                  | mutation]
  3873 | D:3      | Slain by a gnoll

Illustrated notes

Levels and vault maps discovered:
D:1:      roderic_dead_forest, layout_basic, ebering_ecumenical_altar_webs,
          grunt_decor_cap
D:2:      layout_loops_ring, basic_altar
D:3:      layout_loops_ring, overflow_temple_1_default, kiku_gazebo_pond_becter,
          nicolae_wu_jian_immortal_techniques, st_stairs_6
D:4:      layout_gridville, uniq_sigmund

Skill      XL: |  1  2  3 |
---------------+----------+-----
Fighting       | 2 |  2.8
Polearms       | 3 |  3.4
Armour         | 1 |  1.9
Dodging        | 3 |  3.4
Spellcasting   | 1 |  1.7
Throwing       | |  1.7

Action                   |  1- 3 |  4- 6 || total
-------------------------+-------+-------++-------
Melee: Trident           |   175 |    60 ||   235
  Use: Scroll            |     2 |     2 ||     4
       Potion            |       |     1 ||     1
 Stab: Sleeping          |     3 |     1 ||     4
Armor: Leather armour    |    55 |    13 ||    68
Dodge: Dodged            |   111 |    42 ||   153

Table legend: (Time is in decaauts)
 A = Elapsed time spent in this place.
 B = Non-inter-level travel time spent in this place.
 C = Inter-level travel time spent in this place.
 D = Time resting spent in this place.
 E = Time spent auto-exploring this place.
 F = Levels seen in this place.
 G = Mean time per level.
                   A        B        C        D        E       F      G
               +--------+--------+--------+--------+--------+-----+--------+
         Total |   3907 |   3813 |     94 |   1047 |   2270 |   4 |  976.8 |
       Dungeon |   3907 |   3813 |     94 |   1047 |   2270 |   4 |  976.8 |
               +--------+--------+--------+--------+--------+-----+--------+

Top non-repeatable levels by time:
     D:2: 1472 daAuts
     D:3: 1215 daAuts
     D:1: 1060 daAuts
     D:4: 159 daAuts
